 Dungeon Crawl Stone Soup version 0.28-a0-1159-g27aa881441 (webtiles) character file.

Game seed: 11543012799895511672

19 SensoryNuts the Skirmisher (level 2, -1/24 HPs)
             Began as a Demonspawn Fighter on Dec 15, 2021.
             Succumbed to a kobold's poison
             ... on level 1 of the Dungeon.
             The game lasted 00:00:22 (563 turns).

SensoryNuts the Skirmisher (Demonspawn Fighter)      Turns: 563, Time: 00:00:22

Health: -1/24      AC:  6    Str: 16    XL:     2   Next: 55%
Magic:  2/2        EV:  9    Int:  9    God:
Gold:   23         SH:  4    Dex: 12    Spells: 1/1 levels left

rFire   . . .      SeeInvis .   a - +0 long sword
rCold   . . .      Faith    .   c - +0 buckler
rNeg    . . .      Spirit   .   b - +0 scale mail
rPois   .          Reflect  .   (no helmet)
rElec   .          Harm     .   (no cloak)
rCorr   .          Rampage  .   (no gloves)
Will    .....                   (no boots)
Stlth   ..........              (no amulet)
HPRegen 0.08/turn               (no ring)
MPRegen 0.08/turn               (no ring)

@: lethally poisoned (-1 -> -8)
A: demonic magic 1
a: no special abilities


You were on level 1 of the Dungeon.
You visited 1 branch of the dungeon, and saw 1 of its levels.

You collected 23 gold pieces.

Inventory:

Hand Weapons
 a - a +0 long sword (weapon)
Armour
 b - a +0 scale mail (worn)
 c - a +0 buckler (worn)
Scrolls
 f - a scroll of brand weapon {unknown}
Potions
 d - a potion of might
 e - a potion of haste {unknown}
 g - a potion of resistance {unknown}


   Skills:
 + Level 3.3 Fighting
 + Level 2.1 Long Blades
 + Level 2.9 Armour
 + Level 2.8 Shields


You had one spell level left.
You didn't know any spells.
Your spell library was empty.

Dungeon Overview and Level Annotations

Branches:
Dungeon (1/15)

Altars:


Innate Abilities, Weirdness & Mutations

Spells you cast may paralyse adjacent enemies.


Message History

You hit the kobold.
The kobold is heavily wounded.
You feel very sick.
The kobold hits you with a +0 dagger of venom.
You are lethally poisoned!
The kobold completely misses you.
You closely miss the kobold.
The kobold is heavily wounded.
You feel very sick. The kobold barely misses you.
You barely miss the kobold.
The kobold is heavily wounded.
You feel very sick. The kobold barely misses you.
You are too injured to fight recklessly!
You are too injured to fight recklessly!
There is a lethal amount of poison in your body!
There is a lethal amount of poison in your body!
There is a lethal amount of poison in your body!
You are too injured to fight recklessly!
Unknown command.
You closely miss the kobold.
The kobold is heavily wounded.
* * * LOW HITPOINT WARNING * * *
You feel very sick. The kobold closely misses you. x2
You hit the kobold.
The kobold is severely wounded.
* * * LOW HITPOINT WARNING * * *
You feel sick. The kobold hits you but does no damage.
You closely miss the kobold.
The kobold is heavily wounded.
* * * LOW HITPOINT WARNING * * *
You feel sick. The kobold hits you but does no damage.
You are more poisoned.
You slash the kobold!
You kill the kobold!
* * * LOW HITPOINT WARNING * * *
You feel very sick.
You die...

####### ############
#.....# #..........#
#.....# #..........#
#.....# #..........#
#.....#
#..###.###.####.....##
#...##..........)##
##@###..##.........
#...###.###........
##.## #.####.###...
... #...##.# #### #.#
####.##.# # ...
#..†....# # #.#
#.......# #
#.........(.# #
#..........# #


There were no monsters in sight!

Vanquished Creatures
  2 endoplasms (D:1)
  A giant cockroach (D:1)
  3 hobgoblins (D:1)
  4 kobolds (D:1)
  A ball python (D:1)
  3 bats (D:1)
  2 frilled lizards (D:1)
  2 goblins (D:1)
18 creatures vanquished.

Notes
Turn   | Place    | Note
-------+----------+-------------------------------------------
     0 | D:1      | SensoryNuts the Demonspawn Fighter began the quest for the
                  | Orb.
     0 | D:1      | Reached XP level 1. HP: 18/18 MP: 1/1
   209 | D:1      | Gained mutation: Spells you cast may paralyse adjacent
                  | enemies. [demonic ancestry]
   209 | D:1      | Reached XP level 2. HP: 21/24 MP: 2/2
   562 | D:1      | HP: 1/24 [poisoned by a kobold]
   563 | D:1      | Succumbed to a kobold's poison

Illustrated notes

Levels and vault maps discovered:
D:1:      saegor_arrival_simple_c, layout_rooms,
          dilly_ecumenical_altar_fadedgnrine, minmay_misc_feat_hallway,
          chequers_serial_rivers_marsh, minmay_tetromino_l2

Skill      XL: |  1  2 |
---------------+-------+-----
Long Blades    | 2 |  2.1
Fighting       | |  3.3
Armour         | |  2.9
Shields        | |  2.8

Action                   || total
-------------------------++-------
Melee: Long sword        ||    53
Armor: Scale mail        ||    24
Dodge: Dodged            ||    35
Block: Buckler           ||     8

Table legend: (Time is in decaauts)
 A = Elapsed time spent in this place.
 B = Non-inter-level travel time spent in this place.
 C = Inter-level travel time spent in this place.
 D = Time resting spent in this place.
 E = Time spent auto-exploring this place.
 F = Levels seen in this place.
 G = Mean time per level.
                   A        B        C        D        E       F      G
               +--------+--------+--------+--------+--------+-----+--------+
         Total |    584 |    584 |      0 |      0 |    463 |   1 |  584.0 |
       Dungeon |    584 |    584 |      0 |      0 |    463 |   1 |  584.0 |
               +--------+--------+--------+--------+--------+-----+--------+

Top non-repeatable levels by time:
     D:1: 584 daAuts
